Map: Protocollo centrale

Players

Hetzer

  • Race: Protoss Protoss
  • League: Silver

Jhyrachy - Winner!

  • Race: Zerg Zerg
  • League: Silver

VOD

Have the link to the VOD?

Description

Time

  • Played on: Dec. 10, 2015, 12:07 p.m.
  • Length: 14:53
Show
View Real Time Build Order
Export as new Build Order

Hetzer Protoss 

Build Orders: Dark Templar Rush 

Get SALT Encoding   

  12  0:01  Probe (Chrono Boost)  
  13  0:13  Pylon  
  13  0:18  Probe (Chrono Boost)  
  15  0:28  Probe (Chrono Boost)  
  15  0:35  Gateway  
  15  0:40  Probe (Chrono Boost)  
  16  0:45  Assimilator  
  16  0:54  Probe (Chrono Boost)  
  17  1:02  Pylon  
  17  1:04  Probe (Chrono Boost)  
  18  1:15  Probe (Chrono Boost)  
  19  1:25  Cybernetics Core  
  19  1:26  Probe (Chrono Boost)  
  20  1:36  Probe (Chrono Boost), Zealot  
  23  1:40  Assimilator  
  23  1:47  Probe (Chrono Boost)  
  24  2:07  Twilight Council  
  24  2:09  Warp Gate (Chrono Boost)  
  24  2:22  Zealot  
  26  2:31  Gateway  
  26  2:35  Pylon  
  27  2:37  Probe (Chrono Boost)  
  27  2:47  Probe (Chrono Boost)  
  28  3:00  Probe (Chrono Boost)  
  28  3:01  Pylon  
  29  3:14  Dark Shrine  
  29  3:20  Nexus, Stalker  
  31  3:37  Stalker  
  33  3:57  Gateway  
  33  4:26  Assimilator  
  33  4:32  Dark Templar x2  
  37  4:40  Probe  
  38  4:50  Probe  
  39  4:57  Dark Templar  
  41  5:01  Probe  
  42  5:07  Gateway  
  42  5:12  Probe  
  43  5:16  Dark Templar  
  43  5:17  Dark Templar  
  47  5:22  Probe  
  44  5:33  Probe  
  45  5:36  Pylon  
  45  5:39  Stargate  
  45  5:42  Pylon  
  45  5:43  Probe  
  45  5:44  Stalker  
  46  6:10  Stalker  
  48  6:11  Stalker x2  
  48  6:13  Probe  
  51  6:18  Assimilator  
  51  6:24  Probe  
  51  6:25  Void Ray (Chrono Boost)  
  55  6:30  Forge  
  56  6:33  Probe  
  56  6:35  Pylon  
  56  6:36  Probe  
  58  6:45  Probe  
  58  6:47  Probe  
  60  6:57  Probe  
  61  7:02  Stargate  
  61  7:03  Protoss Air Weapons Level 1 (Chrono Boost)  
  61  7:08  Protoss Ground Weapons Level 1  
  61  7:10  Stalker x2  
  61  7:13  Stalker  
  67  7:16  Zealot  
  69  7:42  Zealot  
  71  7:44  Dark Templar  
  72  7:53  Stalker x2  
  76  8:05  Void Ray  
  72  8:10  Void Ray  
  80  8:17  Dark Templar  
  82  8:26  Probe  
  83  8:31  Nexus  
  83  8:34  Stalker  
  83  8:38  Probe  
  86  8:42  Pylon  
  86  8:48  Gateway  
  86  8:50  Gateway  
  86  8:53  Pylon  
  86  9:00  Probe  
  87  9:11  Protoss Ground Weapons Level 2 (Chrono Boost), Protoss Air Armor Level 1 (Chrono Boost)  
  87  9:12  Void Ray  
  87  9:15  Void Ray  
  91  9:23  Pylon  
  95  9:26  Stalker  
  95  9:30  Stalker  
  99  9:39  Assimilator  
  99  9:41  Probe  
  100  9:52  Probe  
  101  10:02  Probe  
  101  10:04  Stalker x4  
  110  10:12  Void Ray  
  114  10:28  Fleet Beacon  
  114  10:32  Pylon  
  114  10:33  Pylon  
  114  10:46  Stalker x3  
  120  10:54  Void Ray  
  124  11:06  Protoss Air Weapons Level 2  
  124  11:11  Stalker  
  126  11:22  Assimilator  
  126  11:28  Protoss Ground Armor Level 1 (Chrono Boost), Void Ray  
  60  12:12  Stalker x2  
  60  12:13  Stalker x4  
  72  12:23  Void Ray  
  72  12:24  Void Ray  
  80  12:36  Gateway  
  80  12:43  Forge  
  80  12:45  Probe  
  81  12:52  Stalker x3  
  81  12:55  Probe  
  88  13:06  Void Ray  
  88  13:08  Protoss Shields Level 1 (Chrono Boost)  
  90  13:21  Stalker  
  90  13:22  Stalker x2  
  78  13:38  Stalker x2  
  78  14:04  Nexus  
  78  14:19  Stalker x2  
Show
View Real Time Build Order
Export as new Build Order

Jhyrachy Zerg - Winner!

Build Orders: Hatch First 

Get SALT Encoding   

  12  0:01  Drone  
  13  0:10  Drone  
  14  0:19  Extractor  
  14  0:20  Extractor  
  12  0:26  Drone x2  
  16  0:51  Overlord  
  16  0:52  Hatchery  
  15  1:08  Extractor  
  14  1:13  Drone x2  
  14  1:14  Drone  
  17  1:19  Spawning Pool  
  16  1:26  Drone  
  17  1:39  Drone  
  18  1:46  Overlord  
  18  1:58  Drone  
  19  2:05  Queen  
  19  2:08  Queen  
  23  2:13  Drone x2  
  25  2:16  Metabolic Boost  
  25  2:21  Drone x2  
  27  2:30  Drone  
  27  2:31  Overlord  
  28  2:38  Drone  
  29  2:52  Drone  
  29  2:53  Drone x2  
  32  3:05  Zergling x2  
  32  3:06  Zergling x2  
  34  3:15  Drone x2  
  36  3:22  Drone  
  36  3:23  Drone x3  
  36  3:24  Overlord x2  
  40  3:43  Queen  
  40  3:46  Hatchery  
  40  4:13  Lair  
  39  4:19  Evolution Chamber  
  38  4:30  Spine Crawler  
  37  4:34  Spine Crawler  
  36  4:41  Roach Warren  
  35  4:59  Spore Crawler  
  34  5:04  Extractor  
  34  5:05  Drone x3  
  34  5:06  Drone  
  34  5:33  Overseer  
  36  5:35  Roach  
  36  5:36  Roach x11  
  36  5:38  Overlord x4  
  58  5:55  Queen  
  59  6:00  Overseer  
  52  6:22  Drone  
  52  6:23  Drone x5  
  58  6:49  Drone x3  
  61  7:21  Pneumatized Carapace  
  61  7:24  Drone x11  
  72  7:49  Overlord  
  72  7:50  Overlord x3  
  56  8:07  Extractor  
  56  8:09  Extractor  
  56  8:11  Hydralisk Den  
  47  8:15  Queen  
  47  8:16  Hatchery  
  48  8:32  Extractor  
  47  8:34  Overseer x2  
  47  8:47  Hydralisk  
  47  8:48  Hydralisk x8  
  51  8:51  Queen  
  67  9:10  Hydralisk x7  
  67  9:16  Muscular Augments  
  81  9:23  Drone  
  80  10:32  Hydralisk  
  80  10:33  Hydralisk x12  
  106  10:44  Zerg Missile Weapons Level 1  
  106  11:01  Spore Crawler  
  105  11:10  Hydralisk x3  
  105  11:11  Hydralisk x4  
  111  11:13  Overlord x3  
  119  11:29  Overlord x3  
  109  12:00  Hydralisk  
  109  12:01  Hydralisk x8  
  79  12:03  Hydralisk x2  
  79  12:04  Hydralisk  
  90  12:32  Hatchery  
  43  13:45  Hydralisk  
  43  13:46  Hydralisk x13  
  43  13:47  Hydralisk x6  
  83  13:50  Zergling x12  
  89  14:01  Extractor, Overlord  
Tags
 
Add a new tag
Caveats
  • Supply blocks, unpowered buildings, or Contaminate may cause inaccurate times.
  • Supply counts are checked every 10 seconds.